Get step-by-step instructions on how to execute this build order below. Start the game timer, and the build order will tick by so you can play in parallel with StarCraft on a second screen or mobile device.

Game Time

  0:00

Last Step

  N/A

Next Step

  6  0:00  SCV  

Upcoming Step

  13  0:13  SCV  

Don't want to look back and forth between 2 screens? Try out our Overwolf App, the Spawning Tool Build Advisor to get an in-game overlay with this build!

Complete Build Order

  6  0:00  SCV  
  13  0:13  SCV  
  14  0:18  Supply Depot  
  14  0:36  Refinery  
  14  0:41  Barracks  
  14  1:03  Supply Depot  
  14  1:10  Refinery  
  14  1:28  Orbital Command  
  14  1:29  Marine  
  15  1:54  SCV  
  16  2:03  Marine  
  16  2:06  SCV  
  18  2:18  SCV  
  19  2:30  SCV  
  20  2:38  Marine  
  20  2:43  SCV  
  22  2:55  SCV  
  23  4:12  SCV  
  23  5:53  Marine, SCV  
  23  5:55  Supply Depot  
  25  5:57  Factory  
  25  6:17  SCV  
  26  6:20  Supply Depot  
  26  6:26  Barracks Tech Lab  
  26  6:29  SCV  
  24  6:41  SCV  
  24  6:42  Starport  
  24  6:44  Marauder  
  27  6:53  SCV  
  28  7:04  Command Center  
  28  7:16  Marine  
  28  7:19  Starport Tech Lab  
  29  7:37  Raven  
  31  7:48  Marine  
  31  8:12  Raven  
  33  8:17  SCV  
  34  8:20  Marine  
  34  8:24  SCV  
  34  8:25  Refinery  
  36  8:27  Refinery  
  36  8:31  SCV  
  37  8:38  SCV  
  38  8:46  SCV  
  39  8:53  SCV  
  40  9:00  SCV  
  41  9:07  SCV  
  42  9:14  SCV  
  43  9:21  SCV  
  44  9:29  SCV  
  45  9:36  SCV  
  46  9:43  SCV  
  47  9:50  SCV  
  48  9:57  SCV  
  49  10:04  SCV